NCAA
CALIFORNIA GOLDEN BEARS @ LOUISVILLE CARDINALS
04/27/2027
 
TOP OF THE 1ST
California Golden Bears batting - Pitching for Louisville Cardinals : RHP Bo Manning
Pitching: RHP Bo Manning
Batting: RHB Bob Cooper 0-0: Fly out, F8 (Flyball, 8RS)
Batting: RHB Owen Jenkins 0-0: Ball
1-0: Swinging Strike
1-1: Foul Ball, location: 2F
1-2: Ground out 6-3 (Groundball, 6MD)
Batting: RHB Sergio González 0-0: Ball
1-0: Foul Ball, location: 2F
1-1: Ball
2-1: Ball
3-1: Called Strike
3-2: Strikes out swinging
Top of the 1st over - 0 run(s), 0 hit(s), 0 error(s), 0 left on base; California 0 - Louisville 0
BOTTOM OF THE 1ST
Louisville Cardinals batting - Pitching for California Golden Bears : RHP Artie Hughes
Pitching: RHP Artie Hughes
Batting: RHB Doug Bell 0-0: Ball
1-0: Ball
2-0: Fly out, F9 (Flyball, 9LSF)
Batting: RHB Justin Tomlinson 0-0: Swinging Strike
0-1: Swinging Strike
0-2: Strikes out swinging
Batting: RHB James Everhart 0-0: Called Strike
0-1: Foul Ball, location: 2F
0-2: Ground out 5-3 (Groundball, 56)
Bottom of the 1st over - 0 run(s), 0 hit(s), 0 error(s), 0 left on base; California 0 - Louisville 0
TOP OF THE 2ND
California Golden Bears batting - Pitching for Louisville Cardinals : RHP Bo Manning
Batting: RHB Miguel Angel Díaz 0-0: Ball
1-0: SINGLE (Groundball, 56D)
Batting: RHB Greg Taylor 0-0: Ball
1-0: Swinging Strike
1-1: Foul Ball, location: 2F
1-2: Strikes out swinging
Batting: LHB Lee Jenkins 0-0: Swinging Strike
0-1: Ball
1-1: Called Strike
1-2: Ball
2-2: Grounds into double play, 3-6-3 (Groundball, 34)
Top of the 2nd over - 0 run(s), 1 hit(s), 0 error(s), 0 left on base; California 0 - Louisville 0
BOTTOM OF THE 2ND
Louisville Cardinals batting - Pitching for California Golden Bears : RHP Artie Hughes
Batting: RHB Mike Harris 0-0: Ball
1-0: Swinging Strike
1-1: Foul Ball, location: 2F
1-2: SOLO HOME RUN (Flyball, 89XD), Distance : 362 ft
Batting: RHB Michael Harris 0-0: Foul Ball, location: 2F
0-1: Ball
1-1: Called Strike
1-2: Ball
2-2: Foul Ball, location: 2F
2-2: Foul Ball, location: 2F
2-2: Ground out 6-3 (Groundball, 6MS)
Batting: RHB Victor Gilbert 0-0: Ball
1-0: Ball
2-0: Called Strike
2-1: SINGLE (Line Drive, 9S)
Batting: RHB Gilbert Nava 0-0: Called Strike
0-1: Ball
1-1: Called Strike
1-2: Ball
2-2: Ball
3-2: SINGLE (Groundball, 4) (infield hit)
Victor Gilbert to second
Batting: RHB Troy Legge 0-0: Called Strike
0-1: Swinging Strike
0-2: Ball
1-2: Ball
2-2: Strikes out swinging
Batting: RHB Scott Cabrera 0-0: Called Strike
0-1: Called Strike
0-2: Strikes out looking
Bottom of the 2nd over - 1 run(s), 3 hit(s), 0 error(s), 2 left on base; California 0 - Louisville 1
TOP OF THE 3RD
California Golden Bears batting - Pitching for Louisville Cardinals : RHP Bo Manning
Batting: RHB Daniel Moody 0-0: Called Strike
0-1: Swinging Strike
0-2: Ball
1-2: Strikes out looking
Batting: RHB Cal Cox 0-0: TRIPLE (Flyball, 8LD)
Batting: RHB Mike Ratzlaff 0-0: Swinging Strike
0-1: Ball
1-1: Foul Ball, location: 2F
1-2: Ball
2-2: Strikes out swinging
Batting: RHB Bob Cooper 0-0: Ball
1-0: Foul Ball, location: 2F
1-1: Swinging Strike
1-2: Strikes out swinging
Top of the 3rd over - 0 run(s), 1 hit(s), 0 error(s), 1 left on base; California 0 - Louisville 1
BOTTOM OF THE 3RD
Louisville Cardinals batting - Pitching for California Golden Bears : RHP Artie Hughes
Batting: RHB Doug Bell 0-0: Ball
1-0: Bunt for hit - play at first, batter OUT! 5-3
Batting: RHB Justin Tomlinson 0-0: Ball
1-0: Called Strike
1-1: Foul Ball, location: 2F
1-2: Ball
2-2: Ball
3-2: Base on Balls
Batting: RHB James Everhart 0-0: Ball
1-0: Called Strike
1-1: Foul Ball, location: 2F
1-2: Ball
2-2: Strikes out looking
Batting: RHB Mike Harris 0-0: Called Strike
0-1: Called Strike
0-2: Ball
1-2: Ball
2-2: Ball
3-2: Base on Balls
Justin Tomlinson to second
Batting: RHB Michael Harris 0-0: Ball
1-0: Ball
2-0: Ball
3-0: Called Strike
3-1: Foul Ball, location: 2F
3-2: Base on Balls
Justin Tomlinson to third
Mike Harris to second
Batting: RHB Victor Gilbert 0-0: Ball
1-0: Called Strike
1-1: Called Strike
1-2: Strikes out swinging
Bottom of the 3rd over - 0 run(s), 0 hit(s), 0 error(s), 3 left on base; California 0 - Louisville 1
TOP OF THE 4TH
California Golden Bears batting - Pitching for Louisville Cardinals : RHP Bo Manning
Batting: RHB Owen Jenkins 0-0: Ball
1-0: Ball
2-0: Ball
3-0: Called Strike
3-1: Base on Balls
Batting: RHB Sergio González 0-0: Foul Ball, location: 2F
0-1: Ball
1-1: Foul Ball, location: 2F
1-2: Ball
2-2: Foul Ball, location: 2F
2-2: Strikes out swinging
Batting: RHB Miguel Angel Díaz 0-0: Foul Ball, location: 2F
0-1: Ball
1-1: Grounds into double play, 6-4-3 (Groundball, 6)
Top of the 4th over - 0 run(s), 0 hit(s), 0 error(s), 0 left on base; California 0 - Louisville 1
BOTTOM OF THE 4TH
Louisville Cardinals batting - Pitching for California Golden Bears : RHP Artie Hughes
Batting: RHB Gilbert Nava 0-0: Foul Ball, location: 2F
0-1: Ball
1-1: Ground out 5-3 (Groundball, 56)
Batting: RHB Troy Legge 0-0: Foul Ball, location: 2F
0-1: Called Strike
0-2: Foul Ball, location: 2F
0-2: Foul Ball, location: 2F
0-2: Ball
1-2: Ball
2-2: SINGLE (Flyball, 8LM)
Batting: RHB Scott Cabrera 0-0: Ball
1-0: 2-RUN HOME RUN (Flyball, 89XD), Distance : 362 ft
Batting: RHB Doug Bell 0-0: Swinging Strike
0-1: Called Strike
0-2: SOLO HOME RUN (Flyball, 8LXD), Distance : 407 ft
Pitching: LHP Dexter Hubert
Batting: RHB Justin Tomlinson 0-0: Ball
1-0: Ground out 5-3 (Groundball, 56)
Batting: RHB James Everhart 0-0: Ball
1-0: Reached on error, E5 (Groundball, 2L)
Batting: RHB Mike Harris 0-0: Ball
1-0: Ground out 4-3 (Groundball, 4)
Bottom of the 4th over - 3 run(s), 3 hit(s), 1 error(s), 1 left on base; California 0 - Louisville 4
TOP OF THE 5TH
California Golden Bears batting - Pitching for Louisville Cardinals : RHP Bo Manning
Batting: RHB Greg Taylor 0-0: SINGLE (Groundball, 6MD)
Batting: LHB Lee Jenkins 0-0: Ball
1-0: Foul Ball, location: 2F
1-1: Foul Ball, location: 2F
1-2: Strikes out swinging
Batting: RHB Daniel Moody 0-0: Ball
1-0: Ball
2-0: Called Strike
2-1: Foul Ball, location: 2F
2-2: Strikes out swinging
Batting: RHB Cal Cox 0-0: Ball
1-0: Ball
2-0: Ball
3-0: Called Strike
3-1: Foul Ball, location: 2F
3-2: Foul Ball, location: 2F
3-2: Strikes out swinging
Top of the 5th over - 0 run(s), 1 hit(s), 0 error(s), 1 left on base; California 0 - Louisville 4
BOTTOM OF THE 5TH
Louisville Cardinals batting - Pitching for California Golden Bears : LHP Dexter Hubert
Batting: RHB Michael Harris 0-0: Called Strike
0-1: Foul Ball, location: 2F
0-2: Ball
1-2: Foul Ball, location: 2F
1-2: Ball
2-2: Strikes out looking
Batting: RHB Victor Gilbert 0-0: Ball
1-0: Ball
2-0: Called Strike
2-1: Ball
3-1: Base on Balls
Batting: RHB Gilbert Nava 0-0: Ball
1-0: Ball
2-0: Hit by Pitch
Victor Gilbert to second
Batting: RHB Troy Legge 0-0: Ball
Victor Gilbert steals 3rd base
Gilbert Nava to second
1-0: Swinging Strike
1-1: Foul Ball, location: 2F
1-2: Strikes out swinging
Batting: RHB Scott Cabrera 0-0: Called Strike
0-1: Ball
1-1: Ball
2-1: Ball
3-1: Base on Balls
Batting: RHB Doug Bell 0-0: DOUBLE (Flyball, 8RXD)
Victor Gilbert scores
Gilbert Nava scores
Scott Cabrera to third
Runner from 3rd tries for Home, SAFE, no throw
Pitching: RHP Darrell Barnett
Batting: RHB Justin Tomlinson 0-0: Ball
1-0: Swinging Strike
1-1: Ball
2-1: Ball
3-1: Foul Ball, location: 2F
3-2: 2-RUN HOME RUN (Flyball, 7D), Distance : 355 ft
Batting: RHB James Everhart 0-0: Ball
1-0: Foul Ball, location: 2F
1-1: Called Strike
1-2: Ball
2-2: Ground out 6-3 (Groundball, 6S)
Bottom of the 5th over - 5 run(s), 2 hit(s), 0 error(s), 0 left on base; California 0 - Louisville 9
TOP OF THE 6TH
California Golden Bears batting - Pitching for Louisville Cardinals : RHP Bo Manning
Batting: RHB Mike Ratzlaff 0-0: Ball
1-0: Ball
2-0: Ball
3-0: Called Strike
3-1: Foul Ball, location: 2F
3-2: Fly out, F8 (Flyball, 8RD)
Batting: RHB Bob Cooper 0-0: Called Strike
0-1: Swinging Strike
0-2: Foul Ball, location: 2F
0-2: Strikes out swinging
Batting: RHB Owen Jenkins 0-0: Swinging Strike
0-1: Called Strike
0-2: Ball
1-2: Strikes out swinging
Top of the 6th over - 0 run(s), 0 hit(s), 0 error(s), 0 left on base; California 0 - Louisville 9
BOTTOM OF THE 6TH
Louisville Cardinals batting - Pitching for California Golden Bears : RHP Darrell Barnett
Batting: RHB Mike Harris 0-0: Called Strike
0-1: Called Strike
0-2: Ball
1-2: Ground out 5-3 (Groundball, 56S)
Batting: RHB Michael Harris 0-0: Ball
1-0: DOUBLE (Flyball, 8LM)
Batting: RHB Victor Gilbert 0-0: Ball
1-0: Called Strike
Michael Harris is caught stealing 3rd base
1-1: Foul Ball, location: 2F
1-2: Strikes out swinging
Bottom of the 6th over - 0 run(s), 1 hit(s), 0 error(s), 0 left on base; California 0 - Louisville 9
TOP OF THE 7TH
California Golden Bears batting - Pitching for Louisville Cardinals : RHP Bo Manning
Pitching: RHP Orlando Zúñica
Batting: RHB Sergio González 0-0: Swinging Strike
0-1: Foul Ball, location: 2F
0-2: Strikes out swinging
Batting: RHB Miguel Angel Díaz 0-0: Foul Ball, location: 2F
0-1: Foul Ball, location: 2F
0-2: Ball
1-2: Foul Ball, location: 2F
1-2: Fly out, F7 (Flyball, 7LM)
Batting: RHB Greg Taylor 0-0: Called Strike
0-1: Called Strike
0-2: Foul Ball, location: 2F
0-2: Ball
1-2: Strikes out looking
Top of the 7th over - 0 run(s), 0 hit(s), 0 error(s), 0 left on base; California 0 - Louisville 9
BOTTOM OF THE 7TH
Louisville Cardinals batting - Pitching for California Golden Bears : RHP Darrell Barnett
Batting: RHB Gilbert Nava 0-0: Ball
1-0: Swinging Strike
1-1: Ball
2-1: Fly out, F9 (Flyball, 89D)
Batting: RHB Troy Legge 0-0: Ground out 1-3 (Groundball, 15S)
Batting: RHB Scott Cabrera 0-0: Foul Ball, location: 2F
0-1: Swinging Strike
0-2: Ball
1-2: Ball
2-2: Foul Ball, location: 2F
2-2: Strikes out swinging
Bottom of the 7th over - 0 run(s), 0 hit(s), 0 error(s), 0 left on base; California 0 - Louisville 9
TOP OF THE 8TH
California Golden Bears batting - Pitching for Louisville Cardinals : RHP Orlando Zúñica
Now at 2B: George Richards
Batting: LHB Lee Jenkins 0-0: Swinging Strike
0-1: Foul Ball, location: 2F
0-2: Strikes out swinging
Batting: RHB Daniel Moody 0-0: Ball
1-0: Called Strike
1-1: Swinging Strike
1-2: SOLO HOME RUN (Flyball, 78XD), Distance : 390 ft
Batting: RHB Cal Cox 0-0: Ball
1-0: Called Strike
1-1: Foul Ball, location: 2F
1-2: Foul Ball, location: 2F
1-2: Foul Ball, location: 2F
1-2: Foul Ball, location: 2F
1-2: Strikes out swinging
Batting: RHB Mike Ratzlaff 0-0: Ball
1-0: Ball
2-0: Ball
3-0: Called Strike
3-1: Base on Balls
Batting: RHB Bob Cooper 0-0: Ball
1-0: Ball
2-0: Foul Ball, location: 2F
2-1: Foul Ball, location: 2F
2-2: Ball
3-2: Foul Ball, location: 2F
3-2: Base on Balls
Mike Ratzlaff to second
Batting: RHB Owen Jenkins 0-0: Ball
1-0: Ground out 1-3 (Groundball, 15)
Top of the 8th over - 1 run(s), 1 hit(s), 0 error(s), 2 left on base; California 1 - Louisville 9
BOTTOM OF THE 8TH
Louisville Cardinals batting - Pitching for California Golden Bears : RHP Darrell Barnett
Batting: RHB Doug Bell 0-0: Ball
1-0: Fly out, F8 (Flyball, 89M)
Batting: RHB Justin Tomlinson 0-0: Called Strike
0-1: Swinging Strike
0-2: Fly out, F4 (Popup, 4D)
Batting: RHB James Everhart 0-0: Ball
1-0: Swinging Strike
1-1: Swinging Strike
1-2: Strikes out swinging
Bottom of the 8th over - 0 run(s), 0 hit(s), 0 error(s), 0 left on base; California 1 - Louisville 9
TOP OF THE 9TH
California Golden Bears batting - Pitching for Louisville Cardinals : RHP Orlando Zúñica
Batting: RHB Sergio González 0-0: Fly out, F8 (Flyball, 8LXD)
Batting: RHB Miguel Angel Díaz 0-0: Foul Ball, location: 2F
0-1: Ball
1-1: Foul Ball, location: 2F
1-2: Ball
2-2: Fly out, F8 (Line Drive, 8LS)
Batting: RHB Greg Taylor 0-0: Foul Ball, location: 2F
0-1: Called Strike
0-2: Ball
1-2: Ball
2-2: Strikes out swinging
Top of the 9th over - 0 run(s), 0 hit(s), 0 error(s), 0 left on base; California 1 - Louisville 9
Thursday, March 30th, 2017 - OOTP Baseball 17.12 Build 75